 Dungeon Crawl Stone Soup version 0.29.1-2-gbd0b4ee654 (webtiles) character file.

Game seed: 12336481984516049973

64 qeuew the Conjurer (level 4, 0/24 HPs)
             Began as a Tengu Conjurer on Nov 11, 2022.
             Succumbed to an adder's poison
             ... on level 2 of the Dungeon.
             The game lasted 00:01:39 (1768 turns).

qeuew the Conjurer (Tengu Conjurer)                 Turns: 1768, Time: 00:01:40

Health: 0/24       AC:  2    Str:  7    XL:     4   Next: 12%
Magic:  8/8        EV: 13    Int: 19    God:
Gold:   79         SH:  0    Dex: 14    Spells: 5/8 levels left

rFire   . . .      SeeInvis .   g - +0 dagger
rCold   . . .      Faith    .   (no shield)
rNeg    . . .      Spirit   .   a - +0 robe
rPois   .          Reflect  .   (helmet restricted)
rElec   .          Harm     .   (no cloak)
rCorr   .          Rampage  .   (no gloves)
Will    .....                   (boots unavailable)
Stlth   ++........              (no amulet)
HPRegen 0.08/turn               (no ring)
MPRegen 0.11/turn               (no ring)

@: lethally poisoned (0 -> -3)
A: beak, talons 3
a: no special abilities


You were on level 2 of the Dungeon.
You visited 1 branch of the dungeon, and saw 2 of its levels.

You collected 89 gold pieces.
You spent 10 gold pieces at shops.

Inventory:

Hand Weapons
 g - a +0 dagger (weapon)
Armour
 a - a +0 robe (worn)
Scrolls
 c - a scroll of teleportation
 d - 2 scrolls of fear {unknown}
Potions
 b - a potion of magic


   Skills:
 + Level 0.8 Short Blades
 + Level 3.0 Dodging
 + Level 2.7 Stealth
 + Level 2.5 Spellcasting
 + Level 5.8 Conjurations


You had 5 spell levels left.
You knew the following spells:

 Your Spells              Type           Power      Damage    Failure   Level
a - Magic Dart            Conj           96%        1d7       1%          1
b - Searing Ray           Conj           48%        2d6       2%          2

Your spell library contained the following spells:

 Spells                   Type           Power      Damage    Failure   Level
 Dazzling Flash           Conj/Hex       26%        N/A       14%         3
 Fulminant Prism          Conj/Hex       6%         3d7       43%         4
 Iskenderun's Mystic Bla  Conj/Tloc      13%        2d5       43%         4


Dungeon Overview and Level Annotations

Branches:
Dungeon (2/15)

Altars:
Wu Jian

Shops:
D:2 *


Innate Abilities, Weirdness & Mutations

You have a beak for a mouth.
You have claws for feet.


Message History

The adder is moderately wounded.
You feel sick. The adder misses you.
An adder is nearby!
You are too injured to fight recklessly!
An adder is nearby!
You are too injured to fight recklessly!
An adder is nearby!
You barely miss the adder. Your kick misses the adder. You peck the adder.
The adder is moderately wounded.
You feel sick. The adder closely misses you.
You barely miss the adder. You claw the adder.
The adder is almost dead.
You feel sick. The adder completely misses you. The adder bites you.
You closely miss the adder. You punch the adder.
The adder is almost dead.
You feel sick.
You are no longer poisoned.
The adder bites you.
* * * LOW HITPOINT WARNING * * *
You are lethally poisoned!
The adder poisons you!
Okay, then.
You hit the adder.
You kill the adder!
* * * LOW HITPOINT WARNING * * *
You feel sick.
Your Dodging skill increases to level 3!
You have reached level 4!
You feel clever.
* * * LOW HITPOINT WARNING * * *
You feel sick.
Okay, then.
There is a lethal amount of poison in your body!
There is a lethal amount of poison in your body!
There is a lethal amount of poison in your body!
There is a lethal amount of poison in your body!
Found a scroll labelled LAENWYCK PEER.
* * * LOW HITPOINT WARNING * * *
You feel sick.
You die...

#.# # #.#.# #. #.######
#.#.# #..........
#.#.####.##.###### ##
..... ....#.# # .. #.#.#
#..#.## # .#.#. #?#†#
#.....#####
.....)#.#$####...#......
......?@.......#...#####
#####...................
####################


There were no monsters in sight!

Vanquished Creatures
  3 adders (D:2)
  A worm (D:2)
  4 ball pythons (D:1)
  A bat (D:1)
  3 endoplasms
  4 goblins
  4 hobgoblins
  4 kobolds
  A quokka (D:1)
  2 frilled lizards
  4 rats
31 creatures vanquished.

Notes
Turn   | Place    | Note
-------+----------+-------------------------------------------
     0 | D:1      | qeuew the Tengu Conjurer began the quest for the Orb.
     0 | D:1      | Reached XP level 1. HP: 10/10 MP: 4/4
   291 | D:1      | Reached XP level 2. HP: 15/15 MP: 4/6
   294 | D:1      | Learned a level 2 spell: Searing Ray
   865 | D:1      | Reached XP level 3. HP: 19/19 MP: 4/7
  1299 | D:2      | Found an ornate altar of the Wu Jian Council.
  1595 | D:2      | Found Zusanos's General Store.
  1603 | D:2      | Bought a potion of degeneration for 10 gold pieces
  1766 | D:2      | Reached XP level 4. HP: 3/24 MP: 8/8
  1767 | D:2      | HP: 1/24 [poisoned by an adder]
  1768 | D:2      | Succumbed to an adder's poison

Illustrated notes

Levels and vault maps discovered:
D:1:      dpeg_arrival_three_smaller_balls, layout_basic, minivault_26
D:2:      layout_loops_ring, serial_shops, shop, basic_altar

Skill      XL: |  1  2  3 |
---------------+----------+-----
Dodging        | 3 |  3.0
Short Blades   | |  0.8
Stealth        | |  2.7
Spellcasting   | |  2.5
Conjurations   | |  5.8

Action                   |  1- 3 |  4- 6 || total
-------------------------+-------+-------++-------
Melee: Unarmed           |     5 |       ||     5
       Kick              |    13 |       ||    13
       Dagger            |    44 |       ||    44
       Peck              |     7 |       ||     7
       Punch             |     1 |       ||     1
 Cast: Magic Dart        |    33 |       ||    33
  Use: Potion            |     4 |       ||     4
       Scroll            |     3 |       ||     3
 Stab: Sleeping          |     3 |       ||     3
Armor: Robe              |     5 |       ||     5
Dodge: Dodged            |    26 |       ||    26
